 Dungeon Crawl Stone Soup version 0.30-a0-738-g116ff8c4af (webtiles) character file.

Game seed: 5427362748476180990

15714 kae the Geomancer (level 12, -14/59 HPs)
             Began as a Gargoyle Earth Elementalist on Feb 3, 2023.
             Was a Priest of Vehumet.
             Demolished by a stone giant (19 damage)
             ... on level 11 of the Dungeon.
             The game lasted 00:13:29 (13812 turns).

kae the Geomancer (Gargoyle Earth Elementalist)    Turns: 13812, Time: 00:13:29

Health: -14/59     AC: 14    Str: 13    XL:     12   Next: 29%
Magic:  0/26       EV: 11    Int: 20    God:    Vehumet [***...]
Gold:   528        SH:  0    Dex: 10    Spells: 22/32 levels left

rFire   . . .      SeeInvis .    (no weapon)
rCold   . . .      Faith    .    (no shield)
rNeg    + . .      Spirit   +    K - +0 acid dragon scales
rPois   ∞          Reflect  .    (no helmet)
rElec   +          Harm     .    (no cloak)
rCorr   +          Rampage  .    (no gloves)
Will    .....                    (no boots)
Stlth   +                        G - amulet of guardian spirit
HPRegen 0.29/turn                L - ring of flight
MPRegen 0.20/turn                (no ring)

@: confused, ambrosia-drunk, flying
A: sickness immunity, AC +8, negative energy resistance 1, electricity
resistance, torment resistance 1, petrification resistance
a: Renounce Religion


You were on level 11 of the Dungeon.
You worshipped Vehumet.
Vehumet was most pleased with you.
You visited 2 branches of the dungeon, and saw 12 of its levels.

You collected 528 gold pieces.


Innate Abilities, Weirdness & Mutations

You are immune to sickness and miasma.
Your stone body is resilient. (AC +8)
You are immune to poison.
You resist negative energy. (rN+)
You are resistant to electric shocks. (rElec)
You are resistant to unholy torment.
You are immune to petrification.


   Skills:
 - Level 1.5 Dodging
 - Level 2.1 Stealth
 + Level 10.7 Spellcasting
 + Level 12.2 Conjurations
 - Level 0.7 Transmutations
 + Level 14.1 Earth Magic


You had 22 spell levels left.
You knew the following spells:

 Your Spells              Type           Power      Damage    Failure   Level
a - Sandblast             Erth           100%       2d20      1%          1
b - Stone Arrow           Conj/Erth      100%       3d13      1%          3
c - Passwall              Tmut/Erth      33%        N/A       1%          2
d - Petrify               Tmut/Erth      40%        N/A       4%          4

Your spell library contained the following spells:

 Spells                   Type           Power      Damage    Failure   Level
 Mephitic Cloud           Conj/Pois/Air  27%        N/A       1%          3
 Momentum Strike          Conj/Tloc      70%        3d9       1%          2
 Blink                    Tloc           20%        N/A       14%         2
 Lesser Beckoning         Tloc           20%        N/A       14%         2
 Gell's Gravitas          Tloc           10%        N/A       28%         3
 Teleport Other           Tloc           10%        N/A       28%         3
 Manifold Assault         Tloc           10%        N/A       67%         4
 Dispersal                Tloc           5%         N/A       100%        6
 Storm Form               Tmut/Air       6%         N/A       100%        7

Inventory:

Missiles
 c - 136 stones
 k - 11 boomerangs
 o - 32 poisoned darts
 u - 3 throwing nets {=f!f}
Armour
 a - a +1 robe
 A - +0 steam dragon scales
   (You found it on level 7 of the Dungeon)
 K - +0 acid dragon scales (worn)
   (You found it on level 10 of the Dungeon)
Magical Staves
 m - a staff of fire {!a}
   (You found it on level 3 of the Dungeon)
 H - a staff of fire {!a}
   (You took it off a deep elf pyromancer on level 11 of the Dungeon)
Jewellery
 z - the ring of Matzeot {Fly rN+++ MP+9 Int-4}
   (You took it off a centaur warrior on level 10 of the Dungeon)

   [ring of magical power]

   Int:       It affects your intelligence (-4).
   rN:        It renders you almost immune to negative energy.
   MP:        It affects your magic capacity (+9).
   Fly:       It grants you flight.
 D - the ring "Seysh" {Fire *Slow +Blink rPois Str+5}
   (You took it off an orc priest on level 9 of the Dungeon)

   [ring of fire]

   It enhances your fire magic.
   Str:       It affects your strength (+5).
   rF:        It protects you from fire.
   rC:        It makes you vulnerable to cold.
   rPois:     It protects you from poison.
   +Blink:    It lets you blink.
   *Slow:     It may slow you when you take damage.
 G - an amulet of guardian spirit (around neck)
   (You found it on level 1 of the Dungeon)
 L - a ring of flight (left hand)
   (You took it off a centaur on level 9 of the Dungeon)
 Z - a ring of wizardry
   (You took it off an efreet on level 11 of the Dungeon)
Wands
 n - a wand of acid (3)
   (You found it on level 4 of the Dungeon)
 p - a wand of flame (16)
   (You took it off Natasha on level 3 of the Dungeon)
 y - a wand of paralysis (18)
   (You took it off Ijyb on level 5 of the Dungeon)
 C - a wand of digging (2)
   (You found it on level 7 of the Dungeon)
 I - a wand of polymorph (2)
   (You found it on level 9 of the Dungeon)
Scrolls
 b - 3 scrolls of identify {@r1}
 f - 2 scrolls of amnesia
 r - 6 scrolls of magic mapping {!r}
 v - a scroll of teleportation {@r4}
 x - 2 scrolls of enchant armour
 B - a scroll of silence {!r}
 E - 3 scrolls of noise {!r}
 F - a scroll of brand weapon
 J - a scroll of fog
Potions
 d - 3 potions of attraction {!q}
 e - 3 potions of curing {@q1}
 g - 5 potions of brilliance
 h - 3 potions of berserk rage {!q}
 i - a potion of degeneration {!q}
 j - a potion of ambrosia
 l - 3 potions of lignification {!q}
 q - 6 potions of might
 s - 2 potions of cancellation
 t - 2 potions of mutation {!q}
 w - 6 potions of flight

Dungeon Overview and Level Annotations

Branches:
Dungeon (11/15) Zot: 24799  Temple (1/1) D:6 Zot: 5892    Lair (0/5) D:10
    Orc (0/2) D:11

Altars:
Ashenzari
Cheibriados
Dithmenos
Elyvilon
Fedhas
Gozag
Hepliaklqana
Kikubaaqudgha
Makhleb
Nemelex Xobeh
Okawaru
Qazlal
Ru
Sif Muna
Trog
Uskayaw
Vehumet
Wu Jian
Xom
Yredelemnul
Zin
The Shining One

Shops:
D:1 !

Annotations:
D:4 1 runed translucent door, Crazy Yiuf, Dowan, Duvessa, Eustachio
D:11 exclusion: door

................##.# .#
##B###
................##.# #
... .......##.......##.#
.....#...........#.'
.....#.#.........#.# .
.....#.#.........#.# #..
.....#.#.........#.# ....
.....#.#.......C.#.#.⌠.⌠.
.....#.#......##@..'..8..
.....#.#......##...#.⌠.⌠
#..#.#.#......##.#.# .
#..#.#.#.#######.#.#
#..#.#.#.........#.#
#..#.....#######.#.'
#..###.#.# #...#
#......#.# ##..#
#.##.#.#.# ..#


You could see a stone giant.


Message History

Aim: a wraith (almost destroyed, 78% to hit)
The stone arrow hits the wraith!!
You destroy the wraith!
Vehumet accepts your kill.
Key pressed, stopping explore.
A yak comes into view. 😎 MP[-7]
You lost 7 mp, and now have 16/26 mp.
Casting: Stone Arrow (safe; 1% risk of failure)
Confirm with . or Enter, or press ? or * to list all spells.
Aiming: Stone Arrow (safe; 1% risk of failure)
Press: ? - help, Shift-Dir - straight line, f - yak
Aim: a yak (wandering, hasn't noticed you, 87% to hit)
The stone arrow hits the yak!
The yak bellows!
A yak is nearby! 😎 MP[-3]
You lost 3 mp, and now have 13/26 mp.
A yak is nearby!
Casting: Stone Arrow (safe; 1% risk of failure)
Confirm with . or Enter, or press ? or * to list all spells.
Aiming: Stone Arrow (safe; 1% risk of failure)
Press: ? - help, Shift-Dir - straight line, f/p - yak
Aim: a yak (moderately wounded, 87% to hit)
The stone arrow hits the yak! 😎 MP[-3]
You lost 3 mp, and now have 10/26 mp.
A yak is nearby!
Casting: Stone Arrow (safe; 1% risk of failure)
Confirm with . or Enter, or press ? or * to list all spells.
Aiming: Stone Arrow (safe; 1% risk of failure)
Press: ? - help, Shift-Dir - straight line, f/p - yak
Aim: a yak (almost dead, 87% to hit)
The stone arrow hits the yak!
You kill the yak!
Vehumet accepts your kill.
You feel your power returning.
Key pressed, stopping explore.
Casting: Stone Arrow (safe; 1% risk of failure)
Confirm with . or Enter, or press ? or * to list all spells.
You can't see any susceptible monsters within range! (Use Z to cast anyway.) 😎 MP[+8]
You regained 8 mp, and now have 18/26 mp.
You see here a +0 scale mail.
You see here a +0 scale mail.
You see here a yak corpse.
Found a stone staircase leading down. 😎 MP[+8]
Your mp is fully restored (26).
Found a staircase to the Orcish Mines.
c - 136 stones (gained 8)
q - 6 potions of might (gained 1)
b - 3 scrolls of identify {@r1} (gained 1) Key pressed, stopping explore.
A stone giant comes into view.
The stone giant shouts!
The stone giant moves out of view.
A stone giant is nearby!
A stone giant is nearby!
Casting: Stone Arrow (safe; 1% risk of failure)
Confirm with . or Enter, or press ? or * to list all spells.
Aiming: Stone Arrow (safe; 1% risk of failure)
Press: ? - help, Shift-Dir - straight line, f - stone giant
Aim: a stone giant, quivering large rocks (100% to hit)
The stone arrow hits the stone giant!!
The stone giant throws a large rock.
The large rock closely misses you. 😎 MP[-3]
You lost 3 mp, and now have 23/26 mp.
The stone giant hits you!! 😮 HP[-25] MP[-9]
You take 25 damage, and now have 34/59 hp.
MASSIVE DAMAGE!! (PAUSE)
You lost 9 mp, and now have 14/26 mp.
Casting: Stone Arrow (safe; 1% risk of failure)
Confirm with . or Enter, or press ? or * to list all spells.
Aiming: Stone Arrow (safe; 1% risk of failure)
Press: ? - help, Shift-Dir - straight line, f/p - stone giant
Aim: a stone giant, quivering large rocks (moderately wounded, 100% to hit)
The stone arrow hits the stone giant!!
The stone giant hits you!!
* * * LOW HITPOINT WARNING * * *
😱 HP[-26] MP[-11]
You take 26 damage, and now have 8/59 hp.
MASSIVE DAMAGE!! (PAUSE)
You lost 11 mp, and now have 3/26 mp.
Casting: Stone Arrow (safe; 1% risk of failure)
Confirm with . or Enter, or press ? or * to list all spells.
Aiming: Stone Arrow (safe; 1% risk of failure)
Press: ? - help, Shift-Dir - straight line, f/p - stone giant
Aim: a stone giant, quivering large rocks (heavily wounded, 100% to hit)
The stone arrow hits the stone giant!!
The stone giant hits you!
* * * LOW HITPOINT WARNING * * *
😱 HP[-7] MP[-3]
You take 7 damage, and now have 1/59 hp.
You lost 3 mp, and now have 0/26 mp.
Unknown command.
Okay, then.
Okay, then.
You are confused.
You feel invigorated. The stone giant hits you!!
You die...

Skill      XL: |  1  2  3  4  5  6  7  8  9 10 11 12 |
---------------+-------------------------------------+-----
Earth Magic    | 4 5 6 7 8 10 12 13 14 | 14.1
Conjurations   | 1 2 3 5 6 8 10 11 12 | 12.2
Spellcasting   | 3 4 5 6 7 9 10 | 10.7
Dodging        | |  1.5
Stealth        | |  2.1
Transmutations | |  0.7

Action                     |  1- 3 |  4- 6 |  7- 9 | 10-12 || total
---------------------------+-------+-------+-------+-------++-------
  Melee: Unarmed           |    25 |       |     7 |    31 ||    63
   Cast: Sandblast         |    39 |    75 |   124 |   110 ||   348
         Stone Arrow       |       |       |    25 |   184 ||   209
  Evoke: Wand              |       |     3 |       |     6 ||     9
    Use: Scroll            |       |     9 |     3 |     8 ||    20
         Potion            |       |       |       |     6 ||     6
 Armour: Robe              |    19 |     7 |    21 |     3 ||    50
         Steam dragon scal |       |       |       |    61 ||    61
         Acid dragon scale |       |       |       |    28 ||    28
  Dodge: Dodged            |    41 |    25 |    29 |    94 ||   189

Levels and vault maps discovered:
D:1:      dpeg_arrival_long_road, layout_rooms, serial_shops, shop, st_stairs_5,
          chequers_serial_rivers_micro_a, kennysheep_another_room
D:2:      layout_loops_ring, serial_undead, serial_undead_e, serial_undead_d,
          serial_undead_a, serial_undead_b, minmay_pentomino_q2
D:3:      layout_basic, supply_closet_lemuel, uniq_natasha
D:4:      layout_gridville, uniq_duvessa, uniq_eustachio, uniq_menkaure,
          uniq_crazy_yiuf_cottage
D:5:      layout_cave_pools, nicolae_wu_jian_immortal_techniques, minivault_25,
          uniq_ijyb, uniq_grinder, uniq_prince_ribbit1
D:6:      layout_cave_pods, kb_xom_exploding_sheep,
          minmay_temple_entry_statues_fountains
D:7:      layout_rooms, nicolae_gozag_seed_capital,
          mainiacjoe_overflow_tiny_flanked
D:8:      layout_loops_ring, okawaru_metal_pillars_1_2, uniq_psyche
D:9:      layout_roguey, kennysheep_mini_moat, serial_ice, serial_ice_e,
          serial_ice_m, serial_ice_a, serial_ice_n
D:10:     layout_roguey, dpeg_lair_monsters
D:11:     minmay_the_grid_square_5x5_4x4_mashed
          [minmay_the_grid_square_5x5_eight_small,
          minmay_the_grid_square_5x5_fancy_junction,
          minmay_the_grid_square_5x5_tetrominoes,
          minmay_the_grid_square_5x5_broken_cross, minmay_the_grid_square_5x5_z,
          minmay_the_grid_square_5x5_prize_rear_guard,
          minmay_the_grid_square_5x5_prize_itemx,
          minmay_the_grid_square_5x5_two_small,
          minmay_the_grid_square_5x5_shrine1,
          minmay_the_grid_square_5x5_prize_snowflake,
          minmay_the_grid_square_5x5_prize_monsterx,
          minmay_the_grid_square_5x5_six,
          minmay_the_grid_square_5x5_checkered_sparse,
          minmay_the_grid_square_5x5_hourglass,
          minmay_the_grid_square_5x5_doubleslash,
          minmay_the_grid_square_5x5_three], layout_basic, orc_0_dummy,
          hangedman_abyss_or_decor_slice
Temple:   nicolae_temple_superstar

Notes
Turn   | Place    | Note
-------+----------+-------------------------------------------
     0 | D:1      | kae the Gargoyle Earth Elementalist began the quest for the
                  | Orb.
     0 | D:1      | Reached XP level 1. HP: 10/10 MP: 3/3
     0 | D:1      | magus.rc [v1.11.3]
    50 | D:1      | Reached skill level 4 in Earth Magic
    53 | D:1      | HP: 1/10 [jackal (2)]
    55 | D:1      | Reached XP level 2. HP: 3/15 MP: 1/5
   384 | D:1      | You fall into a shaft and drop 1 floor!
   409 | D:2      | Reached XP level 3. HP: 19/19 MP: 3/6
   412 | D:2      | Learned a level 2 spell: Passwall
   416 | D:2      | Learned a level 3 spell: Stone Arrow
   535 | D:1      | Found Dolor's Distillery.
   539 | D:1      | Reached skill level 5 in Earth Magic
   579 | D:1      | Reached skill level 1 in Conjurations
   583 | D:1      | Reached XP level 4. HP: 24/24 MP: 0/7
  1237 | D:1      | Found Dolor's Distillery.
  1418 | D:1      | Found Dolor's Distillery.
  2782 | D:3      | Identified the +9 long sword of Gluttony {freeze, rElec
                  | Int+2}
  2871 | D:3      | Reached skill level 3 in Spellcasting
  2871 | D:3      | Reached XP level 5. HP: 28/28 MP: 7/9
  3005 | D:3      | Reached skill level 2 in Conjurations
  3032 | D:3      | Noticed Natasha
  3035 | D:3      | Killed Natasha
  3341 | D:3      | Noticed Natasha
  3347 | D:3      | Killed Natasha
  3350 | D:3      | Noticed Natasha
  3354 | D:3      | Killed Natasha
  3566 | D:4      | Reached XP level 6. HP: 32/32 MP: 7/11
  3615 | D:4      | Reached skill level 6 in Earth Magic
  3681 | D:4      | Reached skill level 3 in Conjurations
  3828 | D:4      | Noticed Menkaure
  3839 | D:4      | Killed Menkaure
  3840 | D:4      | Reached skill level 4 in Spellcasting
  3895 | D:4      | Noticed an ice beast
  3901 | D:4      | Reached XP level 7. HP: 36/36 MP: 13/13
  3902 | D:4      | Reached skill level 4 in Conjurations
  3979 | D:4      | Found a runed translucent door.
  3980 | D:4      | Noticed Crazy Yiuf
  4059 | D:4      | Noticed Duvessa
  4059 | D:4      | Noticed Dowan
  4297 | D:4      | Noticed Eustachio
  4440 | D:4      | Reached skill level 7 in Earth Magic
  4832 | D:5      | Entered Level 5 of the Dungeon
  4838 | D:5      | Learned a level 4 spell: Petrify
  4840 | D:5      | Noticed Prince Ribbit
  4844 | D:5      | Killed Prince Ribbit
  4845 | D:5      | Reached skill level 5 in Spellcasting
  4845 | D:5      | Reached skill level 5 in Conjurations
  4845 | D:5      | Reached XP level 8. HP: 34/41 MP: 5/15
  5079 | D:5      | Reached skill level 8 in Earth Magic
  5190 | D:5      | Noticed Grinder
  5194 | D:5      | Paralysed by Grinder for 3 turns
  5198 | D:5      | Killed Grinder
  5199 | D:5      | Reached skill level 6 in Conjurations
  5438 | D:5      | Found an ornate altar of the Wu Jian Council.
  5499 | D:5      | Noticed Ijyb
  5521 | D:5      | Paralysed by Ijyb for 3 turns
  5524 | D:5      | Killed Ijyb
  5803 | D:6      | Reached skill level 6 in Spellcasting
  5819 | D:6      | Reached XP level 9. HP: 45/45 MP: 12/18
  5881 | D:6      | Reached skill level 9 in Earth Magic
  6036 | D:6      | Reached skill level 7 in Conjurations
  6240 | D:6      | Reached skill level 7 in Spellcasting
  6273 | D:6      | Reached skill level 10 in Earth Magic
  6301 | D:6      | Found a shimmering altar of Xom.
  6335 | D:6      | Found a staircase to the Ecumenical Temple.
  6367 | Temple   | Entered the Ecumenical Temple
  6462 | Temple   | Became a worshipper of Vehumet
  6497 | D:6      | Reached skill level 8 in Conjurations
  6640 | D:6      | You add the spells Blink, Manifold Assault and Storm Form
                  | to your library.
  6951 | D:6      | You add the spells Gell's Gravitas, Teleport Other and
                  | Dispersal to your library.
  6980 | D:6      | Reached XP level 10. HP: 47/50 MP: 15/21
  7532 | D:7      | Found an opulent altar of Gozag.
  7590 | D:7      | Reached * piety under Vehumet
  7590 | D:7      | Offered knowledge of Magic Dart by Vehumet.
  7780 | D:7      | Found a sacrificial altar of Ru.
  7920 | D:7      | Reached skill level 8 in Spellcasting
  8089 | D:8      | Reached skill level 9 in Conjurations
  8089 | D:8      | Reached skill level 11 in Earth Magic
  8345 | D:8      | Found an iron altar of Okawaru.
  8481 | D:8      | Noticed Psyche
  8510 | D:8      | Killed Psyche
  8788 | D:8      | Reached ** piety under Vehumet
  8788 | D:8      | Offered knowledge of Shock by Vehumet.
  8835 | D:8      | HP: 3/50 [orc warrior/bolt (10)]
  9377 | D:8      | You pick up a book of Spatial Translocations and begin
                  | reading...
  9377 | D:8      | You add the spells Momentum Strike and Lesser Beckoning to
                  | your library.
  9505 | D:9      | Found an ancient bone altar of Kikubaaqudgha.
  9840 | D:9      | Identified the ring "Seysh" {Fire *Slow +Blink rPois Str+5}
  9927 | D:9      | Offered knowledge of Scorch by Vehumet.
 10258 | D:9      | Reached skill level 10 in Conjurations
 10383 | D:9      | Reached skill level 12 in Earth Magic
 10428 | D:10     | Entered Level 10 of the Dungeon
 10437 | D:10     | Reached skill level 9 in Spellcasting
 10437 | D:10     | Reached XP level 11. HP: 41/54 MP: 9/24
 10617 | D:10     | Noticed a death yak
 11169 | D:10     | Noticed a death yak
 11169 | D:10     | Noticed a death yak
 11236 | D:9      | Killed a death yak
 11236 | D:9      | Reached *** piety under Vehumet
 11341 | D:10     | Found a staircase to the Lair.
 11637 | D:11     | Noticed a two-headed ogre
 11642 | D:11     | Killed a two-headed ogre
 11682 | D:11     | Noticed a boulder beetle
 11696 | D:11     | Noticed a cyclops
 11697 | D:11     | Identified the ring of Matzeot {Fly rN+++ MP+9 Int-4}
 11697 | D:11     | Noticed a centaur warrior
 11698 | D:11     | Noticed a boulder beetle
 11699 | D:11     | Noticed a centaur warrior
 11699 | D:11     | Noticed a two-headed ogre
 11710 | D:11     | HP: 9/54 [centaur warrior/arrow (9)]
 11868 | D:11     | HP: 12/54 [centaur warrior/arrow (11)]
 11987 | D:10     | Killed a centaur warrior
 12073 | D:10     | Killed a centaur warrior
 12074 | D:10     | Reached skill level 11 in Conjurations
 12299 | D:11     | Killed a cyclops
 12300 | D:11     | Reached skill level 13 in Earth Magic
 12358 | D:11     | Noticed a rakshasa
 12366 | D:11     | Killed a rakshasa
 12452 | D:10     | Reached skill level 10 in Spellcasting
 12569 | D:11     | Killed a boulder beetle
 12570 | D:11     | Noticed a cyclops
 12699 | D:11     | Killed a cyclops
 12709 | D:11     | Identified the +2 robe of Distant Shores {rC- Regen+ Str-4
                  | Int+7}
 12840 | D:10     | Killed a boulder beetle
 12850 | D:11     | Reached XP level 12. HP: 50/59 MP: 10/26
 13079 | D:11     | Offered knowledge of Mephitic Cloud by Vehumet.
 13080 | D:11     | Reached skill level 12 in Conjurations
 13326 | D:11     | Reached skill level 14 in Earth Magic
 13683 | D:11     | Found a staircase to the Orcish Mines.
 13806 | D:11     | Noticed a stone giant
 13810 | D:11     | HP: 8/59 [stone giant (26)]
 13811 | D:11     | HP: 1/59 [stone giant (7)]
 13812 | D:11     | Demolished by a stone giant

Vanquished Creatures
  A rakshasa (D:11)
  2 boulder beetles
  A two-headed ogre (D:11)
  2 centaur warriors (D:10)
  A death yak (D:9)
  A deep elf pyromancer (D:11)
  2 cyclopes (D:11)
  Psyche (D:8)
  2 efreet (D:11)
  A komodo dragon (D:11)
  A polar bear (D:9)
  A hornet (D:11)
  Prince Ribbit (D:5)
  2 trolls (D:11)
  Grinder (D:5)
  A vampire (D:11)
  A shadow (D:11)
  3 wraiths
  13 yaks
  A wyvern (D:10)
  A steam dragon (D:7)
  Menkaure (D:4)
  3 acid dragons
  A water moccasin (D:8)
  2 ice beasts
  6 orc warriors
  3 sky beasts
  3 centaurs
  2 phantoms
  2 kobold brigands
  6 bullfrogs
  A gnoll sergeant (D:7)
  A scorpion (D:5)
  2 necrophages (D:6)
  16 wights
  8 killer bees
  A howler monkey (D:9)
  A gnoll bouda (D:8)
  6 hounds
  2 jellies
  5 orc priests
  Ijyb (D:5)
  Natasha (thrice) (D:3)
  4 iguanas
  14 orc wizards
  A centaur simulacrum (D:9)
  21 gnolls
  9 adders
  A shadow imp (D:7)
  4 white imps
  An ufetubus (D:5)
  An adder skeleton (D:2)
  An adder zombie (D:2)
  4 dart slugs
  41 orcs
  12 ball pythons
  8 endoplasms
  2 giant cockroaches
  6 goblins
  4 hobgoblins
  9 jackals
  3 quokkas
  A ball python zombie (D:2)
  8 bats
  2 frilled lizards
  12 kobolds
  A quokka skeleton (D:2)
  4 rats
290 creatures vanquished.

Vanquished Creatures (others)
  5 dream sheep (D:6)
  An orc wizard (D:8)
6 creatures vanquished.

Grand Total: 296 creatures vanquished

Table legend:
 A = Non-vault XP
 B = Vault XP
 C = Vault XP percentage of total XP
 D = Non-vault monster count
 E = Vault monster count
 F = Vault count percentage of total count
                 A         B        C        D         E       F
            +---------+---------+-------+---------+---------+-------
      Total |   10910 |   11539 |  51.4 |     248 |      42 |  14.5
            +---------+---------+-------+---------+---------+-------
        D:1 |      49 |       6 |  10.9 |      27 |       3 |  10.0
        D:2 |      78 |      27 |  25.7 |      10 |       6 |  37.5
        D:3 |     123 |      35 |  22.2 |      17 |       1 |   5.6
        D:4 |     532 |     172 |  24.4 |      40 |       1 |   2.4
        D:5 |     542 |     590 |  52.1 |      20 |       3 |  13.0
        D:6 |    2539 |       0 |   0.0 |      29 |       0 |   0.0
        D:7 |    1126 |       0 |   0.0 |      24 |       0 |   0.0
        D:8 |    1446 |     371 |  20.4 |      44 |       1 |   2.2
        D:9 |    1242 |    1151 |  48.1 |      21 |       4 |  16.0
       D:10 |    1374 |    2979 |  68.4 |      10 |       6 |  37.5
       D:11 |    1859 |    6208 |  77.0 |       6 |      17 |  73.9
            +---------+---------+-------+---------+---------+-------

Illustrated notes

Table legend:
 A = Kills in this place as a percentage of kills in entire the game.
 B = Kills by you in this place as a percentage of kills by you in the entire game.
 C = Kills by friends in this place as a percentage of kills by friends in the entire game.
 D = Other kills in this place as a percentage of other kills in the entire game.
 E = Experience gained in this place as a percentage of experience gained in the entire game.
 F = Experience gained in this place divided by the number of levels of this place that you have seen.
                   A       B       C       D       E      F
               +-------+-------+-------+-------+-------+----------------------
         Total | 100.0 | 100.0 |   N/A |   N/A | 100.0 | 1870.8
       Dungeon | 100.0 | 100.0 |   N/A |   N/A | 100.0 | 2040.8
               +-------+-------+-------+-------+-------+----------------------

Table legend: (Time is in decaauts)
 A = Elapsed time spent in this place.
 B = Non-inter-level travel time spent in this place.
 C = Inter-level travel time spent in this place.
 D = Time resting spent in this place.
 E = Time spent auto-exploring this place.
 F = Levels seen in this place.
 G = Mean time per level.
                   A        B        C        D        E       F      G
               +--------+--------+--------+--------+--------+-----+--------+
         Total |  14011 |  13604 |    407 |   1813 |  10020 |  12 | 1167.6 |
       Dungeon |  13903 |  13509 |    394 |   1813 |   9947 |  11 | 1263.9 |
        Temple |    107 |     95 |     12 |      0 |     73 |   1 |  107.0 |
               +--------+--------+--------+--------+--------+-----+--------+

Top non-repeatable levels by time:
    D:10: 2228 daAuts
     D:1: 1642 daAuts
     D:8: 1415 daAuts
     D:6: 1358 daAuts
     D:4: 1306 daAuts
     D:9: 1227 daAuts
     D:2: 1010 daAuts
    D:11: 994 daAuts
     D:3: 953 daAuts
     D:5: 922 daAuts
     D:7: 842 daAuts
  Temple: 107 daAuts
